 Dungeon Crawl Stone Soup version 0.32-a0-999-gfa1cc04b1d (webtiles) character file.

Game seed: 14341929666776637411

1718585 BubbleThief the Slayer (level 27, 288/288 HPs)
             Began as a Naga Alchemist on Apr 23, 2024.
             Was a High Priest of Elyvilon.
             Escaped with the Orb
             ... and 3 runes on Apr 24, 2024!
             The game lasted 04:25:55 (69132 turns).

BubbleThief the Slayer (Naga Alchemist)            Turns: 69132, Time: 04:25:55

Health: 288/288    AC: 50    Str: 14    XL:     27
Magic:  55/55      EV:  2    Int: 38    God:    Elyvilon [*****.]
Gold:   6936       SH: 35    Dex: 23    Spells: 17/64 levels left

rFire   + . .        R - +10 morningstar "Eos" {elec, Halo rElec}
rCold   . . .        j - +6 tower shield "Zyoceymu" {Regen+ Int+3}
rNeg    + . .        P - +12 chain mail of Ataorch {rCorr Int+5}
rPois   +            (helmet restricted)
rElec   +            w - +2 cloak
rCorr   +            Y - +0 pair of gloves of Apathy {*Corrode rC+ Regen+ Dex+3}
SInv    +            Q - +4 barding of the Catamount {Int+8 Dex-4}
Will    +++..        q - amulet of reflection Stlth
                     o - ring "Pyshonit" {^Contam rPois MP+9 AC+4 Slay+6}
HPRegen 2.28/turn    y - ring of the Devil's Team {rF++ rC- rN+ Dex+6}
MPRegen 0.34/turn

%: corrode self (3%), reflection
@: glowing, studying Staves, very slow
A: AC +9, large, see invisible, deformed body, poison resistance, slowness 2,
spit poison 1, naga tail 2, antennae 1, agile 1, shaggy fur 1, heat
vulnerability 1
0: Orb of Zot
}: 3/15 runes: decaying, silver, gossamer
a: Spit Poison, Renounce Religion, Purification, Heal Other, Heal Self, Divine
Vigour


You escaped.
You worshipped Elyvilon.
Elyvilon was extremely pleased with you.
You visited 9 branches of the dungeon, and saw 47 of its levels.
You visited the Abyss 1 time.
You visited 1 bazaar.
You visited 1 ziggurat, and saw 14 of its levels.
You also visited: Trove, Bailey, Gauntlet, Ice Cave and Wizlab.

You collected 11200 gold pieces.
You spent 4264 gold pieces at shops.

Inventory:

Hand Weapons
 r - a +1 demon whip of venom
 R - the +10 morningstar "Eos" (weapon) {elec, Halo rElec}
   (You found it in an ice cave)

   Halo:      It grants its wielder a halo, revealing invisible creatures and
   increasing accuracy against all within it other than the wielder.
   rElec:     It insulates you from electricity.
Armour
 j - the +6 tower shield "Zyoceymu" (worn) {Regen+ Int+3}
   (You found it in a treasure trove)

   Int+3:     It affects your intelligence (+3).
   Regen+:    It increases your rate of health regeneration.
 w - a +2 cloak (worn)
 H - a +2 helmet of intelligence
 K - the +1 pair of gloves of Pride {Int+4}
   (You found it in a Gauntlet)

   Int+4:     It affects your intelligence (+4).
 N - the +2 hood of the Assassin {Detect Stab+ Stlth++}
   (You acquired it on level 12 of a ziggurat)

   Detect:    It allows the wearer to sense nearby creatures.
   Stab+:     It allows the wearer to make particularly effective stabbing
   attacks against helpless or unaware enemies with any weapon.
   Stlth++:   It makes you much more stealthy.
 P - the +12 chain mail of Ataorch (worn) {rCorr Int+5}
   (You found it on level 1 of the Vaults)

   Int+5:     It affects your intelligence (+5).
   rCorr:     It protects you from acid and corrosion.
 Q - the +4 barding of the Catamount (worn) {Int+8 Dex-4}
   (You found it in a treasure trove)

   Int+8:     It affects your intelligence (+8).
   Dex-4:     It affects your dexterity (-4).
 T - the +3 barding of Tomorrow {rCorr Str+6}
   (You found it in a treasure trove)

   Str+6:     It affects your strength (+6).
   rCorr:     It protects you from acid and corrosion.
 Y - the +0 pair of gloves of Apathy (worn) {*Corrode rC+ Regen+ Dex+3}
   (You found it in a treasure trove)

   Dex+3:     It affects your dexterity (+3).
   rC+:       It protects you from cold.
   Regen+:    It increases your rate of health regeneration.
   *Corrode:  It may corrode you when you take damage.
Jewellery
 o - the ring "Pyshonit" (left hand) {^Contam rPois MP+9 AC+4 Slay+6}
   (You bought it in a shop on level 2 of the Orcish Mines)

   [ring of protection]

   AC+4:      It affects your AC (+4).
   Slay+6:    It affects your accuracy & damage with ranged weapons and melee
   (+6).
   rPois:     It protects you from poison.
   MP+9:      It affects your magic capacity (+9).
   ^Contam:   It causes magical contamination when unequipped.
 q - an amulet of reflection (around neck)
 x - the ring of Pisuziel {+Blink rF- rC+ rCorr Slay+6}
   (You acquired it on level 3 of a ziggurat)

   [ring of protection from cold]

   Slay+6:    It affects your accuracy & damage with ranged weapons and melee
   (+6).
   rF-:       It makes you vulnerable to fire.
   rC+:       It protects you from cold.
   +Blink:    It lets you blink.
   rCorr:     It protects you from acid and corrosion.
 y - the ring of the Devil's Team (right hand) {rF++ rC- rN+ Dex+6}
   (You bought it in a shop on level 2 of the Orcish Mines)

   [ring of dexterity]

   Dex+6:     It affects your dexterity (+6).
   rF++:      It greatly protects you from fire.
   rC-:       It makes you vulnerable to cold.
   rN+:       It protects you from negative energy.
 B - the ring "Caukuzuh" {rN+ Dex+6}
   (You found it on level 4 of the Lair of Beasts)

   [ring of dexterity]

   Dex+6:     It affects your dexterity (+6).
   rN+:       It protects you from negative energy.
 U - an amulet of magic regeneration
Wands
 v - a wand of acid (43)
 O - a wand of warping (22)
Scrolls
 c - 11 scrolls of poison
 d - 17 scrolls of teleportation
 e - 30 scrolls of identify
 i - 12 scrolls of amnesia
 n - 11 scrolls of enchant armour
 u - 5 scrolls of vulnerability
 C - 5 scrolls of blinking
 D - a scroll of fog
 E - 10 scrolls of fear
 F - 5 scrolls of butterflies
 L - 19 scrolls of enchant weapon
 V - 4 scrolls of brand weapon
 W - 6 scrolls of revelation
 X - 9 scrolls of immolation
Potions
 a - 5 potions of ambrosia
 b - 2 potions of magic
 f - 7 potions of enlightenment
 g - 9 potions of brilliance
 h - 4 potions of cancellation
 k - 13 potions of haste
 l - 22 potions of curing
 p - 7 potions of heal wounds
 s - 8 potions of lignification
 z - 2 potions of berserk rage
 A - 9 potions of might
 G - 8 potions of attraction
 M - 3 potions of resistance
 S - 5 potions of invisibility


   Skills:
 - Level 24.5 Fighting
 - Level 20.7 Maces & Flails
 - Level 13.0 Armour
 - Level 1.5 Dodging
 - Level 3.0 Stealth
 + Level 20.5 Shields
 - Level 19.3 Spellcasting
 - Level 18.0 Conjurations
 - Level 23.0 Alchemy
 - Level 6.0 Invocations


You had 17 spell levels left.
You knew the following spells:

 Your Spells              Type           Power      Damage    Failure   Level
a - Mercury Vapours       Alch/Air       100%       N/A       1%          2
b - Mephitic Cloud        Conj/Alch/Air  96%        N/A       1%          3
c - Olgreb's Toxic Radia  Alch           100%       N/A       0%          4
d - Sticky Flame          Fire/Alch      90%        2d14      1%          4
e - Irradiate             Conj/Alch      56%        3d30      1%          5
f - Eringya's Noxious Bo  Alch           59%        4d6       1%          6
g - Petrify               Alch/Erth      90%        N/A       1%          4
h - Ignite Poison         Fire/Alch      90%        N/A       1%          4
i - Fulsome Fusillade     Conj/Alch      56%        (3-5)d16  19%         8
j - Seismic Cannonade     Alch/Erth      45%        6d15      69%         7

Your spell library contained the following spells:

 Spells                   Type           Power      Damage    Failure   Level
 Magic Dart               Conj           100%       1d8       0%          1
 Sting                    Conj/Alch      100%       1d9       0%          1
 Foxfire                  Conj/Fire      100%       2x1d9     1%          1
 Kiss of Death            Conj/Necr      100%       2d13      1%          1
 Cigotuvi's Dreadful Rot  Necr/Alch/Air  100%       N/A       1%          2
 Hailstorm                Conj/Ice       81%        3d14      1%          3
 Leda's Liquefaction      Alch/Erth      45%        N/A       1%          4
 Iskenderun's Battlesphe  Conj           100%       2d15      1%          5
 Brom's Barrelling Bould  Conj/Erth      81%        2d9       3%          4
 Flame Wave               Conj/Fire      81%        2d18      3%          4
 Yara's Violent Unravell  Hex/Alch       45%        3d18      3%          5
 Orb of Destruction       Conj           54%        9d14      7%          7
 Arcjolt                  Conj/Air       40%        1d50      9%          5
 Fireball                 Conj/Fire      40%        3d16      9%          5
 Summon Small Mammal      Summ           100%       N/A       14%         1
 Sculpt Simulacrum        Ice/Alch       45%        N/A       19%         6
 Blink                    Tloc           72%        N/A       21%         2
 Call Imp                 Summ           72%        N/A       21%         2
 Ensorcelled Hibernation  Hex/Ice        72%        N/A       21%         2
 Jinxbite                 Hex            72%        N/A       21%         2
 Scorch                   Fire           72%        2d8       21%         2
 Sublimation of Blood     Necr           36%        N/A       21%         2
 Freezing Cloud           Conj/Ice/Air   35%        6-21      30%         5
 Call Canine Familiar     Summ           36%        N/A       38%         3
 Confusing Touch          Hex            36%        N/A       38%         3
 Fugue of the Fallen      Necr           36%        N/A       38%         3
 Inner Flame              Hex/Fire       36%        N/A       38%         3
 Maxwell's Portable Pile  Tloc           36%        2d(8-24)  38%         3
 Ozocubu's Armour         Ice            36%        N/A       38%         3
 Passwall                 Erth           36%        N/A       38%         3
 Sigil of Binding         Hex            36%        N/A       38%         3
 Summon Ice Beast         Ice/Summ       36%        N/A       38%         3
 Swiftness                Air            36%        N/A       38%         3
 Volatile Blastmotes      Fire/Tloc      72%        2d16      38%         3
 Conjure Ball Lightning   Conj/Air       40%        3x3d13    45%         6
 Starburst                Conj/Fire      40%        6d12      45%         6
 Anguish                  Hex/Necr       18%        N/A       80%         4
 Animate Armour           Summ/Erth      72%        N/A       80%         4
 Cause Fear               Hex            18%        N/A       80%         4
 Dispel Undead            Necr           36%        3d15      80%         4
 Summon Blazeheart Golem  Fire/Summ      36%        N/A       80%         4
 Summon Lightning Spire   Summ/Air       36%        N/A       80%         4
 Vhi's Electric Charge    Tloc/Air       72%        N/A       80%         4
 Spellforged Servitor     Conj/Summ      40%        N/A       95%         7
 Lee's Rapid Deconstruct  Erth           18%        3d11*     98%         5
 Summon Forest            Summ/Tloc      18%        N/A       98%         5
 Gell's Gavotte           Tloc           18%        2d(19-28) 100%        6
 Permafrost Eruption      Ice/Erth       18%        2x4d5     100%        6
 Plasma Beam              Fire/Air       18%        2x1d29    100%        6
 Summon Cactus Giant      Summ           18%        N/A       100%        6
 Enfeeble                 Hex            18%        N/A       100%        7
 Magnavolt                Erth/Air       18%        3d13      100%        7
 Manifold Assault         Tloc           18%        N/A       100%        7
 Ozocubu's Refrigeration  Ice            18%        4d11      100%        7
 Summon Hydra             Summ           18%        N/A       100%        7
 Discord                  Hex            18%        N/A       100%        8
 Disjunction              Tloc           18%        N/A       100%        8
 Ignition                 Fire           18%        3d7       100%        8
 Maxwell's Capacitive Co  Air            18%        ∞         100%        8
 Chain Lightning          Conj/Air       40%        3d54      100%        9
 Dragon's Call            Summ           18%        N/A       100%        9
 Polar Vortex             Ice            18%        12d2*     100%        9


Dungeon Overview and Level Annotations

Branches:
Dungeon (15/15)            Temple (0/1) D:5            Lair (5/5) D:10
  Swamp (4/4) Lair:2       Spider (4/4) Lair:2        Slime (0/5) Lair:4
    Orc (2/2) D:12            Elf (3/3) Orc:2        Vaults (5/5) D:14
  Crypt (0/3) Vaults:2     Depths (4/4) D:15            Zot (5/5) Depths:4
 Bailey (visited)           IceCv (visited)          WizLab (visited)
Gauntlet (visited)

Altars:
Cheibriados
Dithmenos
Elyvilon
Fedhas
Gozag
Ru
Sif Muna
Trog
Vehumet
Wu Jian
Xom
Yredelemnul
Jiyva

Shops:
D:3 *   D:7 *   D:12 (   Orc:1 :   Orc:2 =*[(=   Elf:1 [   Elf:2 *   Depths:1 *

Portals:
Hell: Depths:1 Depths:2 Depths:4
Abyss: Depths:1 Depths:2 Depths:4
Pandemonium: Depths:2

Annotations:
D:3 2 runed translucent doors, holysushi's ghost, amateur OpAE
D:10 4 transporters
D:15 Roxanne
Spider:1 3 runed translucent doors, Niv Okit's ghost, adept TeFi


Innate Abilities, Weirdness & Mutations

Your serpentine skin is tough. (AC +9)
You have supernaturally acute eyesight. (SInv)
Armour fits poorly on your strangely shaped body.
Your system is resistant to poisons. (rPois)
You cover ground very slowly.
You can spit poison.
You can use your snake-like lower body to constrict enemies.
You have a pair of small antennae on your head.
You are agile. (Dex +4, Str/Int -1)
You are covered in fur. (AC +1)
You are vulnerable to heat. (rF-)


Message History

You have got your breath back.
Unknown command.
Unknown command.
You impale the balrug!! Lightning courses through the balrug!
Your grab misses the balrug.
The balrug is moderately wounded.
You block the balrug's attack.
Unknown command.
Unknown command.
You bludgeon the balrug!! You grab the balrug.
The balrug is severely wounded.
You constrict the balrug. The balrug gestures at you.
The fireball explodes!
The fireball engulfs you but does no damage.
The fireball engulfs the balrug.
The balrug completely resists.
Unknown command.
You puncture the balrug! Lightning courses through the balrug!
You kill the balrug!
Unknown command.
You are healed.
Unknown command.
You are healed.
Unknown command.
You are healed.
Unknown command.
You are healed.
Unknown command.
You are healed.
You are no longer corroded.
There is an open door here.
There is an open door here.
HP restored.
A demonspawn corrupter, a shadow demon and a demonspawn black sun come into view.
The shadow demon gives a loud, deep croak!
The demonspawn corrupter moves out of view.
The demonspawn black sun moves out of view.
There is a staircase leading out of the dungeon here.
Unknown command.
You have escaped!

.........'.......................
.........####...##.######.#...#.#
#.......## ##.###.# #.#..##.#
##.....## #######.# #.....#.#
##...## #.......# ###.#.#(#
##'### #.####### #.#.#.# #.#.##
#.# #.....# #..#.###♣♣♣#♣♣#
###.### ##.###.[♣♣..♣.@♣ #.##.
###...#.#♣♣......♣ #.##.
.......##♣......#♣ #.##.
###.....#♣......♣♣ #....
##.##.....♣.♣..♣ ####.
#.###.....⌠...♣ #. #.#
#...2♣6♣..♣ #. ####.# ##♣...6...♣
## .....### ♣.......♣ #########


You could see a shadow demon.

Vanquished Creatures
  4 dread liches
  3 ancient liches
  5 orbs of fire
  A pandemonium lord (Depths:4)
  Parghit (Depths:4)
  5 curse toes
  5 Killer Klowns
  Vv (Zot:3)
  Margery (Vaults:3)
  5 golden dragons
  2 doom hounds (Zot:2)
  A Brimstone Fiend (Depths:4)
  2 electric golems
  16 tentacled monstrosities
  5 hellephants
  Jorgrun (Orc:2)
  2 liches
  23 Orb Guardians
  Mlioglotl (Swamp:2)
  Zenata (Elf:3)
  An Ice Fiend (Zig:1)
  A Hell Sentinel (Depths:4)
  Grunn (Zot:2)
  6 titans
  A deep elf master archer (Elf:3)
  5 deep elf blademasters
  The ghost of jamsaran the Hermetic, an adept DgAl (Elf:2)
  3 quicksilver dragons
  An eldritch tentacle (Zot:5)
  An acid blob (Depths:4)
  8 sphinxes
  An Executioner (Depths:1)
  9 death cobs
  3 thorn hunters (Swamp:4)
  2 tentacled starspawn
  6 tengu reavers
  11 storm dragons
  Agnes (Spider:4)
  7 shadow dragons
  4 fire giants
  A revenant (Vaults:2)
  4 protean progenitors
  3 rockslimes (Depths:4)
  An azure jelly (Depths:4)
  10 draconian knights
  Louise (D:15)
  5 draconian scorchers
  9 nagarajas
  4 frost giants
  5 draconian monks
  11 deep elf sorcerers
  10 emperor scorpions
  10 draconian shifters
  22 vault wardens
  7 ghost moths
  6 deep elf elementalists (Elf:3)
  A curse skull (Vaults:2)
  A cacodemon (Abyss:3)
  2 balrugs
  23 ironbound preservers
  2 reapers
  4 draconian stormcallers
  3 orc warlords
  The ghost of hattop the Placeless Draconian, a journeyman DrSh of Xom (Orc:1)
  A spriggan defender (Depths:3)
  2 ghouls (Swamp:4)
  4 demonspawn corrupters
  A formless jellyfish (Vaults:2)
  16 very ugly things
  4 draconian annihilators
  2 broodmothers (Spider:2)
  A demonspawn blood saint (D:1)
  7 ironbound thunderhulks
  4 quicksilver oozes (Depths:4)
  A vampire knight (Depths:3)
  8 green draconians
  Nessos (D:13)
  2 eleionomae
  2 deep elf demonologists (Elf:3)
  15 black draconians
  14 stone giants
  14 white draconians
  13 deep elf annihilators
  10 dire elephants
  8 spark wasps
  12 yellow draconians
  4 bunyips
  12 purple draconians
  A minotaur (Gauntlet)
  A demonspawn black sun (D:1)
  A lorocyproca (Depths:1)
  6 red draconians
  Azrael (D:15)
  5 deep elf death magi
  6 ettins
  3 fire dragons
  A crystal guardian (Vaults:2)
  2 merfolk impalers
  4 merfolk javelineers
  3 jiangshi (Depths:1)
  A mummy priest (Zig:5)
  A quicksilver dragon skeleton (Vaults:4)
  7 entropy weavers
  A spriggan zombie (Abyss:3)
  20 yaktaur captains
  16 deep elf high priests
  8 rakshasas
  44 vault guards
  An entropy weaver (shapeshifter) (Elf:2)
  4 ice dragons
  A peacekeeper (Vaults:2)
  7 great orbs of eyes
  4 ghost crabs
  7 salamander tyrants
  2 catoblepae (Zig:12)
  An anaconda (Zig:6)
  15 alligators
  13 ironbound frosthearts
  13 hydras
  6 jorogumos
  14 centaur warriors
  A sphinx zombie (Vaults:4)
  9 boulder beetles
  An ogre mage (Vaults:5)
  A merfolk aquamancer (Zig:13)
  29 dancing weapons
  5 radroaches
  6 two-headed ogres
  A death scarab (Spider:3)
  6 tengu warriors
  A sphinx skeleton (Vaults:4)
  A satyr (Zig:13)
  3 hell hogs
  3 thrashing horrors (Abyss:3)
  8 deep troll shamans
  8 deep troll earth magi
  15 death yaks
  5 shock serpents
  2 vampire magi (Depths:1)
  8 occultists
  4 orc high priests
  7 demonic crawlers
  2 soul eaters (Depths:1)
  A shock serpent (shapeshifter) (Depths:3)
  2 spriggan berserkers
  7 naga sharpshooters
  3 wretched stars (Abyss:3)
  20 deep elf knights
  2 naga warriors (Zig:14)
  2 spectral death yaks (Lair:5)
  7 sun demons
  17 hell knights
  10 iron trolls
  Amaemon (Lair:3)
  4 skysharks
  Lodul (D:10)
  A bunyip zombie (Abyss:3)
  5 pharaoh ants
  A spectral anaconda (Lair:5)
  A goliath frog (Swamp:1)
  A sea snake (Zig:13)
  A salamander mystic (Depths:1)
  10 spriggan druids
  2 sixfirhies
  A naga ritualist (Zig:9)
  11 orb spiders
  11 arcanists
  11 deep elf archers
  74 deep trolls
  A shadow demon (Abyss:3)
  A golden dragon zombie (Vaults:4)
  2 flayed ghosts
  8 sun moths
  A mana viper (Zig:14)
  A deep troll (shapeshifter) (Vaults:4)
  4 glowing orange brains
  7 lindwurms
  A bog body (Swamp:3)
  4 spectral hydras (Swamp:4)
  2 obsidian statues
  An orange crystal statue (Zig:14)
  An obsidian bat (Zig:10)
  32 deep elf pyromancers
  9 swamp dragons
  7 phantasmal warriors
  14 necromancers
  8 steelbarb worms
  A thermic dynamo (Elf:2)
  22 ironbound convokers
  Pikel (D:7)
  2 elf skeletons
  A stone giant zombie (Vaults:4)
  10 orc knights
  3 oklob plants (Swamp:4)
  30 wolf spiders
  21 deep elf zephyrmancers
  11 orc sorcerers
  2 harpies (Zig:13)
  3 cyclopes
  3 worldbinders
  29 ugly things
  4 salamanders (Depths:1)
  A cyclops (shapeshifter) (Vaults:5)
  2 shining eyes (Depths:4)
  22 moths of wrath
  12 manticores
  An ice statue (IceCv)
  13 elephants
  3 will-o-the-wisps
  A black mamba (shapeshifter) (Abyss:3)
  A dire elephant zombie (Lair:5)
  2 merfolk sirens (Zig:13)
  6 naga magi
  34 vault sentinels
  2 water nymphs
  6 meliai (Spider:2)
  8 black mambas
  A water nymph (shapeshifter) (Zig:11)
  3 guardian serpents
  5 smoke demons
  4 kobold blastminers
  2 gargoyles
  A hellion (D:2)
  9 torpor snails
  2 orange demons
  Jeremiah (D:9)
  3 rime drakes
  3 large abominations (Abyss:3)
  A dire elephant skeleton (Lair:5)
  A cane toad (shapeshifter) (D:13)
  14 cane toads
  2 efreet
  A centaur skeleton (Abyss:3)
  6 komodo dragons
  3 tormentors
  5 tengu conjurers
  5 freezing wraiths
  44 yaktaurs
  A red devil (Depths:4)
  An ancient zyme (Abyss:3)
  13 trolls
  6 merfolk (Zig:13)
  2 guardian mummies (Zig:5)
  A hydra zombie (Swamp:4)
  A wind drake (Zig:13)
  24 jumping spiders
  A polar bear (shapeshifter) (Elf:1)
  3 spectral elephants (Lair:5)
  10 hornets
  2 hydra skeletons (Swamp:4)
  18 polar bears
  4 raiju
  8 tyrant leeches
  37 tarantellas
  Grinder (D:4)
  19 blink frogs
  2 snapping turtles (Zig:13)
  A dream sheep (Zig:12)
  A stone giant simulacrum (Vaults:4)
  23 slime creatures
  3 centaur simulacra (Gauntlet)
  A shadow (D:10)
  5 water elementals
  4 wyverns
  A culicivora (shapeshifter) (Elf:1)
  23 culicivoras
  2 wraiths
  3 air elementals
  10 spriggans
  2 ushabtiu (Zig:5)
  25 vampire mosquitoes
  5 basilisks
  59 yaks
  64 redbacks
  2 golden eyes (Depths:4)
  3 fire elementals
  8 wargs
  A death yak simulacrum (Lair:5)
  A steam dragon (D:8)
  A neqoxec (Depths:4)
  Menkaure (D:4)
  3 nagas
  5 acid dragons
  5 small abominations
  2 spectral cane toads (Lair:5)
  8 swamp worms
  14 water moccasins
  A hydra simulacrum (Swamp:4)
  2 hell hounds (D:15)
  A swamp dragon zombie (Swamp:4)
  A black bear (Lair:3)
  59 orc warriors
  A meliai simulacrum (Gauntlet)
  An ice beast (D:7)
  A spriggan simulacrum (Zig:5)
  6 swamp drakes
  2 swamp drakes (shapeshifter)
  4 boggarts (Vaults:1)
  7 laughing skulls (Abyss:3)
  17 ogres
  33 wolves
  11 centaurs
  3 elephant skeletons (Lair:5)
  A swamp dragon skeleton (Swamp:4)
  3 lemures (D:7)
  2 human skeletons (Vaults:2)
  A kobold brigand (D:7)
  8 bullfrogs
  A bullfrog (shapeshifter) (Elf:1)
  3 gnoll sergeants
  5 scorpions
  An earth elemental (Elf:2)
  2 cane toad simulacra (Lair:5)
  3 wights (D:7)
  A hornet simulacrum (Gauntlet)
  An elephant simulacrum (Lair:5)
  6 killer bees (D:9)
  8 electric eels
  7 howler monkeys
  A gnoll bouda (D:9)
  15 orc priests
  A bombardier beetle (D:5)
  3 jellies
  4 hounds
  2 iron imps (Abyss:3)
  Natasha (thrice) (D:3)
  Terence (D:2)
  6 iguanas
  11 orc wizards
  8 mummies (Zig:5)
  32 gnolls
  6 adders
  4 swamp drake zombies (Swamp:4)
  A swamp drake skeleton (Swamp:4)
  2 shadow imps
  3 white imps
  4 ufetubi
  2 dart slugs
  4 ribbon worms
  61 orcs
  6 endoplasms
  3 giant cockroaches
  11 goblins
  11 hobgoblins
  8 kobolds
  6 quokkas
  3 ball pythons
  4 bats
  5 frilled lizards
  8 rats
  An aspiring flesh (Zot:3)
  2 starspawn tentacles
2377 creatures vanquished.

Vanquished Creatures (collateral kills)
  A slime creature (D:14)
1 creature vanquished.

Vanquished Creatures (others)
  A pandemonium lord (D:1)
  A death knight (Vaults:2)
  A deep elf knight (Elf:1)
  A deep elf zephyrmancer (Elf:3)
  A deep elf pyromancer (D:14)
  A shining eye (Depths:4)
  3 bloated husks
  A spriggan (Swamp:3)
  A spectral cane toad (Lair:5)
  A small abomination (Abyss:3)
  16 foxfires
  3 starspawn tentacles
31 creatures vanquished.

Grand Total: 2409 creatures vanquished

Notes
Turn   | Place    | Note
-------+----------+-------------------------------------------
     0 | D:1      | BubbleThief the Naga Alchemist began the quest for the Orb.
     0 | D:1      | Reached XP level 1. HP: 15/15 MP: 3/3
   219 | D:1      | Reached XP level 2. HP: 22/22 MP: 5/5
  1148 | D:2      | Reached XP level 3. HP: 28/28 MP: 6/6
  1246 | D:2      | Learned a level 3 spell: Mephitic Cloud
  1298 | D:2      | Identified the +3 sling of Osteorgh {elec, rF+ Dex+5
                  | Stlth-}
  1463 | D:2      | Found a faded altar of an unknown god.
  1506 | D:2      | Noticed Terence
  1512 | D:2      | Reached XP level 4. HP: 36/36 MP: 4/8
  1525 | D:2      | Killed Terence
  1595 | D:2      | Found a snail-covered altar of Cheibriados.
  2019 | D:3      | Found a large runed translucent door.
  2020 | D:3      | Found a large runed translucent door.
  2022 | D:3      | Noticed holysushi's ghost (amateur OpAE)
  2048 | D:3      | Found Pudeit's General Store.
  2058 | D:3      | Bought a scroll of teleportation for 36 gold pieces
  2058 | D:3      | Bought a potion of curing for 36 gold pieces
  2083 | D:3      | Reached XP level 5. HP: 38/42 MP: 4/9
  2089 | D:3      | Learned a level 4 spell: Olgreb's Toxic Radiance
  2118 | D:3      | Noticed Natasha
  2119 | D:3      | Killed Natasha
  2120 | D:3      | Reached skill level 5 in Alchemy
  2253 | D:3      | Noticed Natasha
  2258 | D:3      | Killed Natasha
  2259 | D:3      | Reached XP level 6. HP: 48/49 MP: 7/11
  2604 | D:3      | Noticed Natasha
  2608 | D:3      | Killed Natasha
  2700 | D:4      | Found an opulent altar of Gozag.
  2786 | D:4      | Found a basalt altar of Yredelemnul.
  2786 | D:4      | Found a white marble altar of Elyvilon.
  2786 | D:4      | Noticed Grinder
  2787 | D:4      | Found a shimmering blue altar of Sif Muna.
  2858 | D:3      | Learned a level 4 spell: Sticky Flame
  2909 | D:4      | Found a snail-covered altar of Cheibriados.
  2965 | D:4      | Paralysed by Grinder for 2 turns
  2965 | D:4      | Noticed Menkaure
  2976 | D:4      | Killed Menkaure
  2977 | D:4      | Reached XP level 7. HP: 25/55 MP: 8/14
  2986 | D:4      | Killed Grinder
  2987 | D:4      | Reached skill level 5 in Spellcasting
  3381 | D:4      | Became a worshipper of Elyvilon the Healer
  3395 | D:5      | Entered Level 5 of the Dungeon
  3400 | D:5      | Reached XP level 8. HP: 62/62 MP: 8/16
  3931 | D:5      | Found an ornate altar of the Wu Jian Council.
  3996 | D:5      | Found a staircase to the Ecumenical Temple.
  4218 | D:6      | Reached * piety under Elyvilon
  4836 | D:7      | Noticed Pikel
  4846 | D:7      | Killed Pikel
  4847 | D:7      | Reached skill level 10 in Alchemy
  4847 | D:7      | Reached XP level 9. HP: 68/68 MP: 8/20
  5036 | D:7      | Noticed a hornet
  5041 | D:7      | Killed a hornet
  5498 | D:7      | Reached ** piety under Elyvilon
  5646 | D:7      | Found Niompoyf's Assorted Antiques.
  5654 | D:7      | Bought an ancient dire flail for 189 gold pieces
  5654 | D:7      | Identified the +4 dire flail "Fiarelap" {freeze, Int+5}
                  | (You bought it in a shop on level 7 of the Dungeon)
  5666 | D:7      | Learned a level 5 spell: Irradiate
  5673 | D:7      | Learned a level 6 spell: Eringya's Noxious Bog
  6090 | D:7      | Found a bloodstained altar of Trog.
  6228 | D:8      | Reached XP level 10. HP: 72/75 MP: 12/23
  6433 | D:8      | Reached skill level 1 in Fighting
  6574 | D:8      | Reached skill level 2 in Fighting
  6884 | D:9      | Noticed Jeremiah
  6888 | D:9      | Reached skill level 3 in Fighting
  6888 | D:9      | Noticed a two-headed ogre
  6892 | D:9      | Killed Jeremiah
  6893 | D:9      | Reached skill level 4 in Fighting
  6898 | D:9      | Killed a two-headed ogre
  6899 | D:9      | Reached skill level 5 in Fighting
  6990 | D:9      | Found a sacrificial altar of Ru.
  7071 | D:9      | Reached *** piety under Elyvilon
  7364 | D:9      | Reached skill level 6 in Fighting
  7775 | D:10     | Entered Level 10 of the Dungeon
  7823 | D:10     | Found a flagged portal.
  7833 | Bailey   | Entered a bailey
  7954 | Bailey   | Noticed an orc sorcerer
  7964 | Bailey   | Killed an orc sorcerer
  7965 | Bailey   | Noticed an orc knight
  8093 | Bailey   | Learned a level 4 spell: Petrify
  8099 | Bailey   | Noticed an orc sorcerer
  8104 | Bailey   | Noticed a smoke demon
  8105 | Bailey   | Noticed a sixfirhy
  8105 | Bailey   | Killed an orc knight
  8106 | Bailey   | Reached XP level 11. HP: 59/99 MP: 10/24
  8107 | Bailey   | Killed an orc sorcerer
  8193 | Bailey   | Found an iron altar of Okawaru.
  8840 | D:10     | Reached **** piety under Elyvilon
  8874 | D:10     | Found a staircase to the Lair.
  9161 | D:10     | Found a transporter.
  9219 | D:10     | Reached skill level 15 in Alchemy
  9229 | D:10     | Reached skill level 5 in Conjurations
  9229 | D:10     | Found a transporter.
  9313 | D:10     | Found a transporter.
  9487 | D:10     | Found a transporter.
  9513 | D:10     | Noticed Lodul
  9515 | D:10     | Reached skill level 7 in Fighting
  9527 | D:10     | Killed Lodul
  9796 | Lair:1   | Entered Level 1 of the Lair of Beasts
  9828 | Lair:1   | Reached ***** piety under Elyvilon
  9843 | Lair:1   | Reached skill level 8 in Fighting
  9881 | Lair:1   | Found a frozen archway.
  9891 | IceCv    | Entered an ice cave
  9929 | IceCv    | Reached XP level 12. HP: 100/112 MP: 14/25
 10125 | IceCv    | Reached skill level 9 in Fighting
 10365 | IceCv    | Noticed a death yak
 10365 | IceCv    | Noticed a death yak
 10379 | IceCv    | Killed a death yak
 10382 | IceCv    | Killed a death yak
 10505 | IceCv    | Noticed a death yak
 10505 | IceCv    | Noticed an ironbound frostheart
 10506 | IceCv    | Noticed an ironbound frostheart
 10525 | IceCv    | Killed a death yak
 10535 | IceCv    | Reached skill level 10 in Fighting
 10538 | IceCv    | Killed an ironbound frostheart
 10538 | IceCv    | Killed an ironbound frostheart
 10750 | IceCv    | Found the +10 morningstar "Eos" {elec, Halo rElec}
 10853 | IceCv    | Reached skill level 1 in Maces & Flails
 10871 | IceCv    | Noticed a death yak
 10881 | IceCv    | Killed a death yak
 10884 | IceCv    | Gained mutation: You can use your snake-like lower body to
                  | constrict enemies. [Naga growth]
 10884 | IceCv    | Reached XP level 13. HP: 31/126 MP: 1/26
 11335 | Lair:1   | Reached skill level 5 in Maces & Flails
 12724 | Lair:2   | Found a staircase to the Swamp.
 13194 | Lair:2   | Found a hole to the Spider Nest.
 13839 | Lair:3   | Reached skill level 10 in Maces & Flails
 13974 | Lair:3   | Reached ****** piety under Elyvilon
 14199 | Lair:3   | Identified the +0 trident "Qoiraap" {antimagic, Int-2
                  | Dex+5}
 14519 | Lair:3   | Noticed Amaemon
 14530 | Lair:3   | Killed Amaemon
 14607 | Lair:3   | Reached XP level 14. HP: 120/133 MP: 20/27
 15793 | Lair:4   | Reached skill level 11 in Fighting
 16083 | Lair:4   | Found the +8 storm bow {elec, penet}
 16153 | Lair:4   | Found a staircase to the Slime Pits.
 16196 | Lair:4   | Identified the ring "Caukuzuh" {rN+ Dex+6}
 16281 | Lair:5   | Entered Level 5 of the Lair of Beasts
 17100 | Lair:5   | Noticed a dire elephant
 17104 | Lair:5   | Noticed a dire elephant
 17132 | Lair:5   | Noticed a dire elephant
 17171 | Lair:5   | Reached skill level 12 in Fighting
 17741 | Lair:5   | Killed a dire elephant
 17980 | D:11     | Identified the +0 dagger "Qyisech" {venom, rElec}
 18261 | D:11     | Found a portal to a secret trove of treasure.
 18981 | D:12     | Found a gate leading to a gauntlet.
 18990 | Gauntlet | Entered a Gauntlet
 18990 | Gauntlet | Found a transporter.
 18990 | Gauntlet | Found a transporter.
 19002 | Gauntlet | Found a transporter.
 19020 | Gauntlet | Found a transporter.
 19020 | Gauntlet | Found a transporter.
 19020 | Gauntlet | Found a transporter.
 19022 | Gauntlet | Found a transporter.
 19022 | Gauntlet | Found a transporter.
 19034 | Gauntlet | Found a transporter.
 19050 | Gauntlet | Found a transporter.
 19060 | Gauntlet | Found a transporter.
 19060 | Gauntlet | Noticed a dire elephant
 19074 | Gauntlet | Found a transporter.
 19108 | Gauntlet | Found a transporter.
 19121 | Gauntlet | Found a transporter.
 19158 | Gauntlet | Identified the scarf of the Gusle {harm, ^Drain rPois Str-5
                  | Dex+6}
 19360 | Gauntlet | Reached XP level 15. HP: 131/146 MP: 14/28
 19363 | Gauntlet | Reached skill level 13 in Fighting
 19376 | Gauntlet | Identified the +1 pair of gloves of Pride {Int+4}
 19508 | Gauntlet | Identified the amulet "Lialozo" {Faith Dex+2}
 19619 | D:12     | Found Haeps's Weapon Emporium.
 19629 | D:12     | Found a staircase to the Orcish Mines.
 20390 | Orc:1    | Entered Level 1 of the Orcish Mines
 20713 | D:13     | Reached skill level 1 in Shields
 20851 | D:13     | Noticed Nessos
 20859 | D:13     | Killed Nessos
 21111 | D:13     | Found a shimmering altar of Xom.
 21492 | D:14     | Reached skill level 15 in Maces & Flails
 21597 | D:14     | Reached skill level 14 in Fighting
 22041 | D:14     | Found a gate to the Vaults.
 22828 | D:15     | Entered Level 15 of the Dungeon
 22980 | D:15     | Noticed Louise
 22991 | D:15     | Killed Louise
 23250 | D:15     | Found a staircase to the Depths.
 23419 | D:15     | Reached XP level 16. HP: 156/160 MP: 29/29
 23434 | D:15     | Noticed Azrael
 23441 | D:15     | Killed Azrael
 23493 | D:15     | Reached skill level 5 in Shields
 23542 | D:15     | Noticed Roxanne
 24231 | Orc:1    | Noticed hattop's ghost (journeyman DrSh)
 24271 | Orc:1    | Found a transporter.
 24271 | Orc:1    | Found a transporter.
 24348 | Orc:1    | Found Rackiphy's Book Emporium.
 24363 | Orc:1    | Bought a Trismegistus Codex for 476 gold pieces
 24368 | Orc:1    | Learned a level 4 spell: Ignite Poison
 24418 | Orc:1    | Found a bloodstained altar of Trog.
 24789 | Orc:2    | Entered Level 2 of the Orcish Mines
 24789 | Orc:2    | Found Munwui's Jewellery Shoppe.
 24789 | Orc:2    | Found Tunaizua's Antique Armour Boutique.
 24840 | Orc:2    | Reached skill level 15 in Fighting
 24995 | Orc:2    | Noticed Jorgrun
 24997 | Orc:2    | Paralysed by an orc sorcerer for 5 turns
 25005 | Orc:2    | Killed Jorgrun
 25161 | Orc:2    | Found a staircase to the Elven Halls.
 25164 | Orc:2    | Found Arub Zifu's Antique Weapon Shop.
 25458 | Orc:2    | Found Jileic's Jewellery Boutique.
 25487 | Orc:2    | Bought the ring "Pyshonit" {^Contam rPois MP+9 AC+4 Slay+6}
                  | for 942 gold pieces
 25549 | Orc:2    | Found Udezyil's General Store.
 25563 | Orc:2    | Bought a scroll of teleportation for 39 gold pieces
 25962 | Orc:1    | Killed hattop's ghost
 26016 | D:12     | Acquired 720 gold pieces
 26019 | D:12     | Acquired 707 gold pieces
 26720 | Swamp:1  | Entered Level 1 of the Swamp
 26770 | Swamp:1  | Acquired 956 gold pieces
 27175 | Swamp:2  | Noticed a tentacled monstrosity
 27183 | Swamp:2  | Killed a tentacled monstrosity
 27220 | Swamp:2  | Noticed Mlioglotl
 27230 | Swamp:2  | Killed Mlioglotl
 27890 | Swamp:3  | Reached XP level 17. HP: 129/170 MP: 27/30
 27896 | Swamp:3  | Reached skill level 10 in Conjurations
 28063 | Swamp:3  | Reached skill level 10 in Spellcasting
 28613 | Swamp:4  | Entered Level 4 of the Swamp
 28995 | Swamp:4  | Learned a level 2 spell: Mercury Vapours
 29145 | Swamp:4  | Reached skill level 16 in Fighting
 29541 | Swamp:4  | HP: 7/167 [spectral seven-headed hydra (4)]
 29541 | Swamp:4  | HP: 3/167 [spectral seven-headed hydra (4)]
 29541 | Swamp:4  | Elyvilon protects you from harm!
 29834 | Swamp:4  | Found a basalt altar of Yredelemnul.
 29849 | Swamp:4  | Got a decaying rune of Zot
 29871 | Swamp:4  | Found a blossoming altar of Fedhas.
 30224 | Lair:2   | Upgraded the game from 0.32-a0-995-gb4a59205af to
                  | 0.32-a0-999-gfa1cc04b1d
 30277 | Spider:1 | Entered Level 1 of the Spider Nest
 30443 | Spider:1 | Found a runed translucent gate.
 30443 | Spider:1 | Found a runed translucent gate.
 30444 | Spider:1 | Found a runed translucent gate.
 30447 | Spider:1 | Noticed Niv Okit's ghost (adept TeFi)
 31111 | Spider:2 | Reached XP level 18. HP: 175/183 MP: 23/33
 31949 | Spider:2 | Reached skill level 17 in Fighting
 34122 | Spider:4 | Entered Level 4 of the Spider Nest
 34141 | Spider:4 | Reached XP level 19. HP: 174/193 MP: 15/35
 34148 | Spider:4 | Noticed Agnes
 34154 | Spider:4 | Killed Agnes
 35165 | Spider:4 | Got a gossamer rune of Zot
 35171 | Spider:4 | Identified the +0 hat "Udippeg" {rPois}
 35661 | Vaults:1 | Entered Level 1 of the Vaults
 35814 | Vaults:1 | Found a flickering gateway to a bazaar.
 35820 | Bazaar   | Entered a bazaar
 35820 | Bazaar   | Found Looneal's Jewellery Boutique.
 35820 | Bazaar   | Found Yvafal's Book Boutique.
 35850 | Bazaar   | Found Igradgh's Weapon Shop.
 35899 | Bazaar   | Found Gapn's Assorted Antiques.
 35906 | Bazaar   | Bought a potion of curing for 75 gold pieces
 35906 | Bazaar   | Bought a transparent robe for 142 gold pieces
 35906 | Bazaar   | Identified the +2 robe of Zeg Dotu {rPois Will+ Dex+3} (You
                  | bought it in a shop in a bazaar)
 35938 | Bazaar   | Bought an amulet of reflection for 300 gold pieces
 35969 | Bazaar   | Bought a book of Chaos for 450 gold pieces
 36031 | Vaults:1 | Identified the +12 chain mail of Ataorch {rCorr Int+5}
 36036 | Vaults:1 | Reached skill level 18 in Fighting
 37255 | Vaults:1 | Reached XP level 20. HP: 171/204 MP: 37/37
 38290 | Vaults:2 | Paralysed by a formless jellyfish for 1 turns
 38417 | Vaults:2 | Reached skill level 15 in Conjurations
 38427 | Vaults:2 | Learned a level 8 spell: Fulsome Fusillade
 39706 | Vaults:2 | Found a staircase to the Crypt.
 40222 | Vaults:3 | Reached skill level 15 in Spellcasting
 40231 | Vaults:3 | Noticed Margery
 40237 | Vaults:3 | Noticed a hellephant
 40238 | Vaults:3 | Killed Margery
 40242 | Vaults:3 | Killed a hellephant
 40606 | Vaults:3 | Paralysed by a sphinx for 4 turns
 41452 | Vaults:3 | Reached XP level 21. HP: 203/212 MP: 40/40
 41731 | Vaults:3 | Identified the +0 shortbow "Soquaren" {freeze, ^Drain
                  | Str+5}
 44943 | Depths:1 | Entered Level 1 of the Depths
 45427 | Depths:1 | Found Joklotid's Assorted Antiques.
 45434 | Depths:1 | Bought a potion of curing for 135 gold pieces
 45434 | Depths:1 | Bought a runed kite shield for 337 gold pieces
 45539 | Depths:1 | Found a one-way gate to the infinite horrors of the Abyss.
 45911 | Depths:1 | Reached XP level 22. HP: 58/220 MP: 7/41
 46417 | Depths:1 | Found a gateway to Hell.
 47397 | Depths:2 | Found a one-way gate leading to the halls of Pandemonium.
 48056 | Depths:2 | Found a shadowy altar of Dithmenos.
 48258 | Depths:2 | Identified the +3 glaive of Makhleb's Grace {freeze, Fly
                  | rElec rF++ Stlth+}
 48279 | Depths:2 | Found a one-way gateway to a ziggurat.
 48831 | Depths:3 | Reached skill level 10 in Shields
 49133 | Depths:4 | Entered Level 4 of the Depths
 49190 | Depths:4 | Noticed a golden dragon
 49200 | Depths:4 | Killed a golden dragon
 49330 | Depths:4 | Gained mutation: Your body sometimes deteriorates upon
                  | taking damage. [a shining eye]
 49343 | Depths:4 | Reached skill level 19 in Fighting
 49356 | Depths:4 | Gained mutation: You occasionally lose the ability to drink
                  | potions when taking damage. [a shining eye]
 49362 | Depths:4 | Found a magical portal.
 49401 | WizLab   | Entered Alistair's Party Mansion
 49603 | WizLab   | Lost mutation: Your body sometimes deteriorates upon taking
                  | damage. [potion of mutation]
 49603 | WizLab   | Lost mutation: You occasionally lose the ability to drink
                  | potions when taking damage. [potion of mutation]
 49603 | WizLab   | Gained mutation: Your health recovers twice as slowly from
                  | being drained. [potion of mutation]
 49603 | WizLab   | Gained mutation: Your tail ends in a venomous barb. [potion
                  | of mutation]
 50455 | WizLab   | Reached XP level 23. HP: 25/221 MP: 28/42
 50986 | WizLab   | Got the Cyclopedia of Reconfiguration
 51794 | Depths:4 | Gained mutation: You occasionally lose the ability to drink
                  | potions when taking damage. [a shining eye]
 51807 | Depths:4 | Found a gate to the Realm of Zot.
 51988 | Depths:4 | Found a viscous altar of Jiyva.
 52165 | Depths:4 | Noticed a golden dragon
 52172 | Depths:4 | Killed a golden dragon
 52325 | Depths:4 | Reached skill level 1 in Invocations
 52507 | Depths:4 | Acquired a manual of Maces & Flails
 52701 | Elf:1    | Entered Level 1 of the Elven Halls
 52994 | Orc:2    | Lost mutation: You occasionally lose the ability to drink
                  | potions when taking damage. [potion of mutation]
 52994 | Orc:2    | Lost mutation: Your health recovers twice as slowly from
                  | being drained. [potion of mutation]
 52994 | Orc:2    | Lost mutation: Your tail ends in a venomous barb. [potion
                  | of mutation]
 52994 | Orc:2    | Gained mutation: You expend magic power (3 MP) to
                  | strengthen your wands. [potion of mutation]
 52994 | Orc:2    | Gained mutation: Your flesh is cold resistant. (rC+)
                  | [potion of mutation]
 52994 | Orc:2    | Gained mutation: You passively dampen the noise of your
                  | surroundings. [potion of mutation]
 53067 | Elf:1    | You fall into a shaft and drop 1 floor!
 53084 | Elf:2    | Reached skill level 20 in Fighting
 53530 | Elf:2    | Found a runed translucent gate.
 53530 | Elf:2    | Found a runed translucent gate.
 53530 | Elf:2    | Found a runed translucent gate.
 53531 | Elf:2    | Found an opulent altar of Gozag.
 53532 | Elf:2    | Noticed jamsaran's ghost (adept DgAl)
 53534 | Elf:2    | Found Okocvef's Assorted Antiques.
 53540 | Elf:2    | Paralysed by an air elemental for 1 turns
 53553 | Elf:2    | Killed jamsaran's ghost
 53744 | Elf:2    | Bought a potion of heal wounds for 120 gold pieces
 53744 | Elf:2    | Bought a glowing helmet for 180 gold pieces
 53925 | Elf:2    | Found a runed translucent gate.
 53926 | Elf:2    | Found a runed translucent gate.
 53926 | Elf:2    | Found a runed translucent gate.
 54092 | Elf:3    | Entered Level 3 of the Elven Halls
 54216 | Elf:3    | Noticed Zenata
 54223 | Elf:3    | Killed Zenata
 54307 | Elf:3    | Reached skill level 5 in Invocations
 55104 | Elf:3    | Identified the +4 battleaxe of the Summoning Moth {freeze,
                  | Str+4}
 55108 | Abyss:2  | Cast into level 2 of the Abyss (a deep elf sorcerer)
 55131 | Abyss:2  | Found a corrupted altar of Lugonu.
 55177 | Abyss:3  | Found a corrupted altar of Lugonu.
 55346 | Abyss:3  | Reached XP level 24. HP: 145/247 MP: 35/42
 55441 | Abyss:3  | Reached skill level 21 in Fighting
 55502 | Elf:3    | Escaped the Abyss
 55514 | Elf:3    | HP: 7/249 [deep elf annihilator/crystal spear (60)]
 56092 | Elf:3    | Identified the staff of the Singing Scavenger {rF+ rC+
                  | Will+ Fire}
 56193 | Elf:3    | Identified the +1 pair of gloves "Noep" {Int+3}
 56402 | Elf:3    | Got the Codex of Lucent Accompaniment
 56408 | Elf:3    | Identified the staff "Izxejoul" {Str+3 Conj}
 56697 | Elf:2    | Reached skill level 15 in Shields
 57467 | Elf:1    | Found Coross's Armour Shop.
 57652 | Elf:1    | Identified the +1 robe of Sorcery {rC++ Dex+2}
 57655 | Elf:1    | Paralysed by an air elemental for 1 turns
 58075 | Orc:2    | Bought the ring of the Devil's Team {rF++ rC- rN+ Dex+6}
                  | for 807 gold pieces
 58235 | Zig:1    | Entered Level 1 of a ziggurat
 58359 | Zig:2    | Entered Level 2 of a ziggurat
 58382 | Zig:3    | Entered Level 3 of a ziggurat
 58421 | Zig:3    | Acquired the ring of Pisuziel {+Blink rF- rC+ rCorr Slay+6}
 58426 | Zig:4    | Entered Level 4 of a ziggurat
 58428 | Zig:4    | Found the +6 Majin-Bo {spellvamp, MP+6 Int+6}
 58471 | Zig:5    | Entered Level 5 of a ziggurat
 58622 | Zig:6    | Entered Level 6 of a ziggurat
 58679 | Zig:7    | Entered Level 7 of a ziggurat
 58690 | Zig:7    | Reached skill level 1 in Armour
 58713 | Zig:7    | Identified the +0 plate armour of Aheigots {rElec rPois rC-
                  | rN+ SInv}
 58758 | Zig:8    | Entered Level 8 of a ziggurat
 58899 | Zig:8    | Found the amulet of the Air {Inacc Air Fly rElec RMsl}
 58922 | Zig:8    | Got Gicziec's Vademecum on Phlogiston and Exhalation
 58923 | Zig:8    | Identified the orb "Gicut" {mayhem, rF+ Str-4 Dex+4}
 58931 | Zig:9    | Entered Level 9 of a ziggurat
 58956 | Zig:9    | Reached skill level 5 in Armour
 59030 | Zig:9    | Identified the +0 robe of the Dice {rElec rF+ rN+ Str+3}
 59076 | Zig:10   | Entered Level 10 of a ziggurat
 59172 | Zig:10   | Identified the amulet "Ziox" {^Fragile rPois RegenMP+
                  | Dex+6}
 59180 | Zig:10   | Identified the +9 plate armour of Zowof {rC+ rN+}
 59185 | Zig:10   | Identified the +0 orcbow of the Fray {flame, rN+ Str+3}
 59193 | Zig:10   | Reached XP level 25. HP: 256/256 MP: 42/42
 59196 | Zig:10   | Identified the +8 lajatang of the Imbibing Seeker {venom,
                  | rN++ Str+2 Stlth+}
 59204 | Zig:11   | Entered Level 11 of a ziggurat
 59209 | Zig:11   | Noticed a dread lich
 59218 | Zig:11   | Reached XP level 26. HP: 233/266 MP: 29/42
 59218 | Zig:11   | Noticed a dread lich
 59223 | Zig:11   | Killed a dread lich
 59228 | Zig:11   | Killed a dread lich
 59405 | Zig:11   | Identified the amulet of Yleutaosao {Acrobat *Slow ^Fragile
                  | +Blink Int+6}
 59434 | Zig:11   | Identified the +9 demon trident of Feral Punishment {vamp,
                  | *Rage rPois rF+ rC+ Dex+4}
 59437 | Zig:12   | Entered Level 12 of a ziggurat
 59587 | Zig:12   | Identified the staff of Resourcefulness {rC+ Str+2 Ice}
 59592 | Zig:12   | Identified the +4 robe "Jihun" {Rampage MP+9}
 59593 | Zig:12   | Identified the +4 mace "Xolaor" {freeze, rPois Will+ Str+4}
 59607 | Zig:12   | Identified the +2 scimitar of Greatest Utility {freeze,
                  | *Noise rF++ rCorr Int-5}
 59615 | Zig:12   | Acquired the +2 hood of the Assassin {Detect Stab+ Stlth++}
 59615 | Zig:12   | Found the +2 hood of the Assassin {Detect Stab+ Stlth++}
 59617 | Zig:12   | Acquired 805 gold pieces
 59633 | Zig:13   | Entered Level 13 of a ziggurat
 59651 | Zig:13   | Reached skill level 10 in Armour
 59801 | Zig:13   | Identified the +1 morningstar of Superiority {flame, Fly
                  | Str+5}
 59853 | Zig:14   | Entered Level 14 of a ziggurat
 59878 | Zig:14   | Identified the ring "Lucuet" {rC++ Will- MP+9 Int+2 Stlth+}
 59893 | Zig:14   | HP: 13/266 [constriction (1)]
 59905 | Zig:14   | HP: 9/266 [nagaraja/+0 vampiric halberd (22)]
 60231 | Vaults:5 | Entered Level 5 of the Vaults
 60348 | Vaults:5 | Noticed an ancient lich
 60362 | Vaults:5 | Killed an ancient lich
 60650 | Vaults:5 | Found the +8 trishula "Condemnation" {holy, anguish, *Noise
                  | Fly rN+}
 60974 | Vaults:5 | Reached XP level 27. HP: 88/273 MP: 2/43
 61215 | Vaults:5 | Identified the amulet of Light {Faith Harm rF+ Str+5}
 61481 | Vaults:5 | Noticed a dread lich
 61484 | Vaults:5 | Killed a dread lich
 61503 | Vaults:5 | Got a silver rune of Zot
 61511 | Vaults:5 | Identified the staff of the Final Decision {^Drain rElec
                  | rC+ MP+9 Conj Ice}
 61605 | Vaults:5 | Identified the +4 flail of the Original Sin {elec, rPois
                  | rN+ rCorr}
 61836 | Vaults:5 | Identified the +0 mace of Popular Demand {freeze, Str+5
                  | Dex+2}
 62233 | Vaults:5 | Identified the +5 trident of the Spectre {drain, rF+ rCorr
                  | Int+4}
 62502 | Zot:1    | Entered Level 1 of the Realm of Zot
 63155 | Zot:1    | Noticed an orb of fire
 63155 | Zot:1    | Gained mutation: Your magical capacity is low. (-10% MP)
                  | [an orb of fire]
 63162 | Zot:1    | Gained mutation: You are clumsy. (Dex -2) [an orb of fire]
 63170 | Zot:1    | Gained mutation: You are dopey. (Int -2) [an orb of fire]
 63174 | Zot:1    | Gained mutation: Your magical capacity is very low. (-20%
                  | MP) [an orb of fire]
 63182 | Zot:1    | Killed an orb of fire
 63184 | Zot:1    | Lost mutation: You are clumsy. (Dex -2) [potion of
                  | mutation]
 63184 | Zot:1    | Lost mutation: Your flesh is cold resistant. (rC+) [potion
                  | of mutation]
 63184 | Zot:1    | Lost mutation: You passively dampen the noise of your
                  | surroundings. [potion of mutation]
 63184 | Zot:1    | Gained mutation: You are agile. (Dex +4, Str/Int -1)
                  | [potion of mutation]
 63184 | Zot:1    | Lost mutation: You are dopey. (Int -2) [potion of mutation]
 63185 | Zot:1    | Lost mutation: You are agile. (Dex +4, Str/Int -1) [potion
                  | of mutation]
 63185 | Zot:1    | Lost mutation: Your magical capacity is very low. (-20% MP)
                  | [potion of mutation]
 63185 | Zot:1    | Gained mutation: You are vulnerable to cold. (rC-) [potion
                  | of mutation]
 63186 | Zot:1    | Lost mutation: You are vulnerable to cold. (rC-) [potion of
                  | mutation]
 63186 | Zot:1    | Lost mutation: Your magical capacity is low. (-10% MP)
                  | [potion of mutation]
 63186 | Zot:1    | Gained mutation: You are partially covered in iridescent
                  | scales. (AC +2) [potion of mutation]
 63308 | Zot:1    | Identified the +7 arbalest "Gugguh" {heavy, rElec rPois
                  | Int-4 Stlth+}
 63558 | D:11     | You paid a toll of 6 scrolls of fog to enter a treasure
                  | trove
 63559 | Trove    | Entered a treasure trove
 63563 | Trove    | Identified the +0 barding of the Ant {Int+5 Stlth-}
 63576 | Trove    | Identified the +1 ring mail "Veshosamn" {*Corrode +Blink
                  | +Inv}
 63577 | Trove    | Identified the +1 chain mail "Gaetex" {^Drain rElec rPois
                  | rC+++}
 63580 | Trove    | Identified the +4 barding "Jelis" {Int+5}
 63595 | Trove    | Identified the +4 barding of the Catamount {Int+8 Dex-4}
 63607 | Trove    | Identified the +0 pair of gloves of Apathy {*Corrode rC+
                  | Regen+ Dex+3}
 63609 | Trove    | Found the +0 pair of gloves of the gadgeteer {Gadgeteer
                  | Wandboost ^Fragile}
 63612 | Trove    | Identified the +3 barding of Tomorrow {rCorr Str+6}
 63613 | Trove    | Identified the +0 barding of the Game of Life {Harm Stlth+}
 63614 | Trove    | Identified the +0 barding "Losuwairi" {rPois Str+3}
 63620 | Trove    | Identified the +6 tower shield "Zyoceymu" {Regen+ Int+3}
 63621 | Trove    | Identified the +2 pair of gloves of Weak Wonder {rElec
                  | rPois rF- Dex+3}
 64037 | Zot:2    | Noticed Grunn
 64044 | Zot:2    | Killed Grunn
 64424 | Zot:2    | You fall into a shaft and drop 1 floor!
 64428 | Zot:3    | Reached skill level 22 in Fighting
 64435 | Zot:3    | Noticed an ancient lich
 64682 | Zot:3    | Killed an ancient lich
 64793 | Zot:3    | Reached skill level 23 in Fighting
 64807 | Zot:3    | Noticed Vv
 65370 | Zot:3    | Killed Vv
 65589 | Zot:3    | Identified the +8 plate armour "Him Fech" {^Drain *Slow
                  | rC+++ Stlth+}
 65920 | Zot:2    | Reached skill level 24 in Fighting
 66010 | Zot:2    | Identified the +8 flail of the Disturbing Songs {flame,
                  | ^Drain rElec Int+3}
 66909 | Zot:4    | Found a radiant altar of Vehumet.
 67155 | Zot:5    | Entered Level 5 of the Realm of Zot
 67850 | Zot:5    | Learned a level 7 spell: Seismic Cannonade
 67888 | Zot:5    | Noticed an ancient lich
 67896 | Zot:5    | Killed an ancient lich
 67899 | Zot:5    | Noticed a dread lich
 67910 | Zot:5    | Killed a dread lich
 67911 | Zot:5    | Gained mutation: Your body sometimes deteriorates upon
                  | taking damage. [mutagenic glow]
 67949 | Zot:5    | Noticed an orb of fire
 67949 | Zot:5    | Noticed an orb of fire
 67949 | Zot:5    | Noticed an orb of fire
 67961 | Zot:5    | Gained mutation: You possess an exceptional clarity of
                  | mind. [an orb of fire]
 67966 | Zot:5    | Killed an orb of fire
 67969 | Zot:5    | Gained mutation: You passively map a small area around you.
                  | [an orb of fire]
 67975 | Zot:5    | Gained mutation: Your body often deteriorates upon taking
                  | damage. [an orb of fire]
 67976 | Zot:5    | Gained mutation: You do not regenerate when monsters are
                  | visible. [an orb of fire]
 67979 | Zot:5    | Killed an orb of fire
 68038 | Zot:5    | Lost mutation: You passively map a small area around you.
                  | [potion of mutation]
 68038 | Zot:5    | Lost mutation: Your body often deteriorates upon taking
                  | damage. [potion of mutation]
 68038 | Zot:5    | Gained mutation: You have hidden genetic potential. [potion
                  | of mutation]
 68039 | Zot:5    | Lost mutation: You have hidden genetic potential. [potion
                  | of mutation]
 68039 | Zot:5    | Lost mutation: Your body sometimes deteriorates upon taking
                  | damage. [potion of mutation]
 68039 | Zot:5    | Lost mutation: You are partially covered in iridescent
                  | scales. (AC +2) [potion of mutation]
 68039 | Zot:5    | Lost mutation: You expend magic power (3 MP) to strengthen
                  | your wands. [potion of mutation]
 68039 | Zot:5    | Gained mutation: You are somewhat resistant to further
                  | mutation. [potion of mutation]
 68040 | Zot:5    | Lost mutation: You possess an exceptional clarity of mind.
                  | [potion of mutation]
 68040 | Zot:5    | Lost mutation: You do not regenerate when monsters are
                  | visible. [potion of mutation]
 68040 | Zot:5    | Gained mutation: You sometimes lose your temper in combat.
                  | [potion of mutation]
 68040 | Zot:5    | Lost mutation: You are somewhat resistant to further
                  | mutation. [potion of mutation]
 68040 | Zot:5    | Gained mutation: Your movements are slightly less
                  | encumbered by armour. (ER -2) [potion of mutation]
 68041 | Zot:5    | Lost mutation: Your movements are slightly less encumbered
                  | by armour. (ER -2) [potion of mutation]
 68041 | Zot:5    | Lost mutation: You sometimes lose your temper in combat.
                  | [potion of mutation]
 68041 | Zot:5    | Gained mutation: You are vulnerable to heat. (rF-) [potion
                  | of mutation]
 68041 | Zot:5    | Gained mutation: You are agile. (Dex +4, Str/Int -1)
                  | [potion of mutation]
 68124 | Zot:5    | Gained mutation: Potions are less effective at restoring
                  | your health. [an orb of fire]
 68291 | Zot:5    | Noticed an orb of fire
 68303 | Zot:5    | Gained mutation: You are weak. (Str -2) [an orb of fire]
 68305 | Zot:5    | Killed an orb of fire
 68329 | Zot:5    | Killed an orb of fire
 68446 | Zot:5    | Got the Orb of Zot
 68455 | Zot:5    | Noticed an orb of fire
 68459 | Zot:5    | Noticed an orb of fire
 68461 | Zot:5    | Noticed an orb of fire
 68499 | Zot:2    | Lost mutation: You are weak. (Str -2) [potion of mutation]
 68499 | Zot:2    | Lost mutation: Potions are less effective at restoring your
                  | health. [potion of mutation]
 68499 | Zot:2    | Gained mutation: You have a pair of small antennae on your
                  | head. [potion of mutation]
 68499 | Zot:2    | Gained mutation: You are covered in fur. (AC +1) [potion of
                  | mutation]
 68566 | Depths:4 | Noticed Esta Mur the pandemonium lord
 68590 | Depths:4 | Killed Esta Mur the pandemonium lord
 68623 | Depths:3 | Noticed Parghit
 68640 | Depths:4 | Killed Parghit
 68702 | Depths:3 | Noticed Toam the pandemonium lord
 69065 | D:1      | Noticed Xoydolox the pandemonium lord
 69074 | D:1      | Killed Xoydolox the pandemonium lord
 69132 | D:$      | Escaped with the Orb!

Illustrated notes

Levels and vault maps discovered:
D:1:      amcnicky_arrival_underground_garden, layout_loops_corners,
          grunt_decor_junction
D:2:      layout_basic, shapermc_ecumenical_altar_mp_highgroup, basic_altar,
          minmay_cut_off, uniq_terence
D:3:      layout_loops_ring, ebering_ghost_disaster_area, serial_shops, shop,
          uniq_natasha
D:4:      layout_layer_cave, nicolae_gozag_seed_capital,
          nicolae_overflow_quartered_altars, uniq_menkaure, uniq_grinder
D:5:      layout_rooms, nzn_wu_jian_council_hall, temple_green,
          serial_library_hellmonk_open_square, minmay_misc_feat_tiny
D:6:      layout_basic
D:7:      layout_basic, trog_butcher_becter, serial_shops,
          nicolae_shop_tiny_real_fake_doors, uniq_pikel
D:8:      layout_rooms
D:9:      layout_gridville, overflow_temple_1_default, uniq_jeremiah
D:10:     layout_irregular_city, lair_entry_dummy, enter_bailey_2,
          nicolae_transporter_intersection, uniq_lodul
D:11:     layout_basic, enter_trove_0
D:12:     layout_basic, orc_david_3, gauntlet_entry_generic
D:13:     layout_loops_ring, xom_teletrap_fun, uniq_nessos
D:14:     layout_loops_corners, hellmonk_vaults_order_and_chaos,
          patterned_corridor
D:15:     hangedman_depths_entry_civil_slaughter, layout_basic, uniq_azrael,
          uniq_roxanne, uniq_louise
Lair:1:   layout_layer_cave, portal_ice_cave_entry_pillars_2, grunt_megastairs_3
Lair:2:   layout_chaotic_city, minmay_swamp_entry_swarm,
          nicolae_spider_entry_orb_guardian
Lair:3:   layout_gridlike, serial_bayou_ford_a, pdpol_lair_cavern_descent,
          uniq_amaemon
Lair:4:   layout_concentric_octagons, dpeg_slime_entry_enclosed
Lair:5:   due_jungle_book, layout_layer_cave, grunt_megastairs_2
Swamp:1:  layout_falls_marsh, evilmike_swamp_ruin_house_4,
          infiniplex_staircase_pool
Swamp:2:  layout_falls_marsh, evilmike_swamp_ruin_house_3, uniq_mlioglotl
Swamp:3:  layout_falls_marsh, evilmike_swamp_ruin_house_2
Swamp:4:  byrel_swamp_growth_death_and_undeath, layout_basic_swamp,
          swamp_pool_1_2
Spider:1: layout_spider_delve, gammafunk_ghost_split, hangedman_spider_mandibles
Spider:2: nicolae_spider_hilbert_zone_2 [nicolae_spider_hilbert_4_sides_1_open,
          nicolae_spider_hilbert_4_sides_1_open,
          nicolae_spider_hilbert_4_sides_1_open,
          nicolae_spider_hilbert_4_sides_1_open,
          nicolae_spider_hilbert_6_sides_1_open,
          nicolae_spider_hilbert_6_sides_1_open,
          nicolae_spider_hilbert_3_sides_1_open,
          nicolae_spider_hilbert_3_sides_1_open,
          nicolae_spider_hilbert_3_sides_1_open,
          nicolae_spider_hilbert_3_sides_1_open,
          nicolae_spider_hilbert_6_sides_1_open,
          nicolae_spider_hilbert_6_sides_1_open,
          nicolae_spider_hilbert_6_sides_1_open,
          nicolae_spider_hilbert_6_sides_1_open], nicolae_spider_solar_radiation
Spider:3: layout_spider_delve
Spider:4: grunt_spider_rune_circles, uniq_agnes
Orc:1:    layout_caves, serial_shops, shop, gammafunk_ghost_wrathful_warriors,
          abandoned_shop
Orc:2:    grunt_orc_gardens, layout_caves, grunt_orc_garden, grunt_orc_garden,
          grunt_orc_garden, grunt_orc_garden, serial_shops,
          nicolae_shop_advertising_works [nicolae_subvault_shop_adworks],
          regret_index_minedec_guest_junction, uniq_jorgrun
Elf:1:    minmay_elf_arrival_circle, layout_loops_cross, serial_shops,
          nicolae_shop_rolling_square, kilobyte_rumbling_trees
Elf:2:    nicolae_elf_blades_crystal_corner, layout_onion_city,
          ebering_ghost_gozag
Elf:3:    nooodl_elf_gasket, layout_gridlike, small_statue_intersection,
          uniq_zenata
Vaults:1: nicolae_vaults_puzzle_piece, nicolae_vaults_storage_closets_1,
          nicolae_vaults_halls_meeting, nicolae_vaults_network_square,
          vaults_mumra_chevron_long, hangedman_vaults_stream,
          nicolae_vaults_stepped_doors, nicolae_vaults_little_squares_1,
          vaults_room_door_hall, vaults_dpeg_diagonal,
          nicolae_vaults_tetromino_Z_2, nicolae_vaults_storage_room_doors,
          hangedman_vaults_corner_blocks, v_misc_25, layout_vaults_maze,
          serial_shops, bzr_entry_islet
Vaults:2: hangedman_vaults_unwind, v_rooms_6, minmay_crypt_entry_simple_statues,
          nicolae_vaults_quartermaster, ontoclasm_vaults_chip,
          nicolae_vaults_shelves_hall, nicolae_vaults_ring_of_whatevers,
          nicolae_vaults_angled_halls, ontoclasm_vaults_chip,
          layout_vaults_omnigrid
Vaults:3: vaults_room_pool, v_misc_9, v_rooms_2,
          nicolae_vaults_ellipses_ellipsis, ontoclasm_vaults_bender,
          nicolae_vaults_house_3, nicolae_vaults_network_barrier,
          layout_vaults_chaotic_city, uniq_margery
Vaults:4: nicolae_vaults_little_squares_2, nicolae_vaults_storage_closets_3,
          fort_yaktaur, serial_ice_b, hangedman_vaults_locks,
          hangedman_vaults_maws, hangedman_vaults_restitches, v_misc_27,
          nicolae_vaults_surprise_closet, ontoclasm_vaults_twist,
          layout_vaults_omnicross
Vaults:5
Depths:1: layout_gridlike, hellmouth_3, serial_shops, shop,
          regret_index_abyss_entry_earlier_magic, minmay_metal_thing
Depths:2: grated_community_mu [grated_community_mu_vampire_home,
          grated_community_mu_giant_home, grated_community_mu_spellcaster_home,
          grated_community_mu_orcish_home, grated_community_mu_troll_home,
          grated_community_mu_taur_home, grated_community_mu_unbuilt_plot],
          layout_basic, enter_ziggurat_e,
          nicolae_dithmenos_through_a_glass_darkly, grunt_pan_entry_sceptre,
          hangedman_tar_grid_catacomb, hangedman_abyss_entry_splay,
          hangedman_decor_growths
Depths:3: kb_forest_paths, layout_gridlike, special_room
          [special_room_mythical_zoo], ebering_ghost_rock_garden, abyss_entry,
          hell_entry, dk_noncrumbling_3, nicolae_elevator_lobby_plus,
          uniq_parghit, uniq_jory
Depths:4: evilmike_zot_entry_basic, layout_gridlike, minmay_misc_feat_roman,
          pf_vacation_house_of_asmodeus, abyss_entry, special_room
          [special_room_jelly], mu_enter_wizlab_1
Zot:1:    layout_cathedral_of_symmetry
Zot:2:    layout_misc_corridors, uniq_grunn
Zot:3:    ebering_klown_carousel, layout_basic, regret_index_zotdec_obsidian_hm,
          uniq_vv
Zot:4:    layout_misc_corridors, bh_zot_levy_curve, basic_altar,
          regret_index_zotdec_ex, hangedman_zot_diagonal_lockstep
Zot:5:    layout_basic, hangedman_zot_decor_slant

Skill      XL: |  1  2  3  4  5  6  7  8  9 10 11 12 13 14 15 16 17 18 19 20 21 22 23 24 25 26 27 |
---------------+----------------------------------------------------------------------------------+-----
Alchemy        | 4 5 6 7 10 11 13 15 16 17 20 22 23 | 23.0
Conjurations   | 2 3 6 9 11 13 14 15 17 18 | 18.0
Spellcasting   | 3 4 5 7 9 11 12 13 15 16 19 | 19.3
Fighting       | 6 8 10 12 14 15 16 17 18 19 20 21 24 | 24.5
Maces & Flails | 4 11 14 15 16 20 | 20.7
Shields        | 4 9 11 13 16 20 | 20.5
Invocations    | 6 |  6.0
Armour         | 7 13 | 13.0
Dodging        | |  1.5
Stealth        | |  3.0

Action                     |  1- 3 |  4- 6 |  7- 9 | 10-12 | 13-15 | 16-18 | 19-21 | 22-24 | 25-27 || total
---------------------------+-------+-------+-------+-------+-------+-------+-------+-------+-------++-------
  Melee: Dagger            |     1 |       |       |       |       |       |       |       |       ||     1
         Dire flail        |       |       |    12 |   170 |       |       |       |       |       ||   182
         Morningstar       |       |       |       |    12 |   508 |   655 |   693 |   728 |  1186 ||  3782
         Constrict         |       |       |       |       |   145 |   162 |   202 |   198 |   155 ||   862
   Fire: Sling             |     5 |    83 |   139 |       |       |       |       |       |       ||   227
   Cast: Sting             |    30 |     2 |     1 |     4 |    15 |       |       |       |       ||    52
         Mephitic Cloud    |     1 |     6 |     8 |    18 |    22 |     8 |    11 |    11 |     2 ||    87
         Olgreb's Toxic Ra |       |     5 |    23 |    64 |    71 |   103 |    62 |    37 |    17 ||   382
         Sticky Flame      |       |     1 |     5 |    12 |    65 |     6 |    15 |    18 |    12 ||   134
         Irradiate         |       |       |       |     6 |    13 |     9 |     3 |    16 |    20 ||    67
         Eringya's Noxious |       |       |       |       |    10 |    36 |    36 |    20 |    17 ||   119
         Petrify           |       |       |       |       |     2 |     2 |     1 |       |       ||     5
         Ignite Poison     |       |       |       |       |       |    29 |    30 |    12 |     5 ||    76
         Mercury Vapours   |       |       |       |       |       |       |     1 |       |       ||     1
         Fulsome Fusillade |       |       |       |       |       |       |     4 |    33 |    42 ||    79
 Invoke: Heal Self         |       |       |       |       |       |       |     3 |     6 |    17 ||    26
         Heal Other        |       |       |       |       |       |       |       |       |     1 ||     1
Ability: Spit Poison       |    31 |    17 |     8 |    40 |    47 |    75 |    47 |    45 |    24 ||   334
  Evoke: Wand              |       |     1 |     2 |     4 |       |       |       |       |       ||     7
         Sack of spiders   |       |       |       |       |     1 |     1 |       |       |       ||     2
    Use: Scroll            |       |       |     3 |    12 |     5 |    19 |     5 |     5 |    12 ||    61
         Potion            |       |       |       |       |       |     1 |     2 |     8 |    25 ||    36
   Stab: Confused          |       |       |     1 |     9 |    14 |     6 |    11 |     1 |     1 ||    43
         Distracted        |       |       |       |     1 |     1 |       |       |       |       ||     2
         Petrifying        |       |       |       |       |     1 |     2 |       |       |       ||     3
         Petrified         |       |       |       |       |       |     5 |    10 |     1 |     9 ||    25
 Armour: Robe              |     3 |    32 |    47 |    14 |       |       |       |   758 |       ||   854
         Leather armour    |       |       |       |    51 |   531 |   842 |   547 |    15 |   170 ||  2156
         Troll leather arm |       |       |       |   109 |       |       |       |       |       ||   109
         Chain mail        |       |       |       |       |       |       |       |       |  1036 ||  1036
  Dodge: Dodged            |     3 |    28 |    66 |   140 |   334 |   150 |   100 |   125 |    95 ||  1041
  Block: Kite shield       |       |       |       |       |    30 |   426 |   508 |   438 |   340 ||  1742
         Buckler           |       |       |       |       |    13 |       |       |       |       ||    13
         Reflection        |       |       |       |       |       |       |    49 |    17 |    14 ||    80
         Tower shield      |       |       |       |       |       |       |       |       |  1100 ||  1100

Table legend: (Time is in decaauts)
 A = Elapsed time spent in this place.
 B = Non-inter-level travel time spent in this place.
 C = Inter-level travel time spent in this place.
 D = Time resting spent in this place.
 E = Time spent auto-exploring this place.
 F = Levels seen in this place.
 G = Mean time per level.
                   A        B        C        D        E       F      G
               +--------+--------+--------+--------+--------+-----+--------+
         Total |  83532 |  77904 |   5628 |   5703 |  57504 |  69 | 1210.6 |
       Dungeon |  20153 |  17917 |   2236 |    650 |  14646 |  15 | 1343.5 |
          Lair |   9215 |   8487 |    728 |     81 |   7341 |   5 | 1843.0 |
         Swamp |   4226 |   4016 |    210 |    543 |   2641 |   4 | 1056.5 |
   Spider Nest |   6247 |   5939 |    308 |    155 |   4811 |   4 | 1561.8 |
  Orcish Mines |   2721 |   2479 |    242 |    228 |   1760 |   2 | 1360.5 |
   Elven Halls |   5641 |   5414 |    227 |    188 |   4232 |   3 | 1880.3 |
        Vaults |  13324 |  12739 |    585 |   1065 |   9479 |   5 | 2664.8 |
        Depths |   7570 |   6871 |    699 |    870 |   4858 |   4 | 1892.5 |
           Zot |   6529 |   6140 |    389 |    332 |   4222 |   5 | 1305.8 |
         Abyss |    470 |    470 |      0 |     11 |      0 |   2 |  235.0 |
      Ziggurat |   1857 |   1857 |      0 |    414 |    525 |  14 |  132.6 |
        Bazaar |    216 |    216 |      0 |      0 |    131 |   1 |  216.0 |
         Trove |    138 |    138 |      0 |      0 |      0 |   1 |  138.0 |
        Bailey |   1147 |   1147 |      0 |     71 |    858 |   1 | 1147.0 |
      Ice Cave |   1575 |   1575 |      0 |     49 |   1192 |   1 | 1575.0 |
        Wizlab |   1777 |   1777 |      0 |    781 |    605 |   1 | 1777.0 |
      Gauntlet |    721 |    721 |      0 |    262 |    196 |   1 |  721.0 |
               +--------+--------+--------+--------+--------+-----+--------+

Top non-repeatable levels by time:
Vaults:4: 3685 daAuts
Vaults:1: 2685 daAuts
Depths:1: 2568 daAuts
Depths:4: 2450 daAuts
Vaults:2: 2450 daAuts
  Lair:5: 2365 daAuts
Vaults:3: 2318 daAuts
   Elf:3: 2250 daAuts
Vaults:5: 2185 daAuts
Spider:2: 2176 daAuts
   Elf:2: 2161 daAuts
    D:14: 2068 daAuts
  Lair:3: 2009 daAuts
Depths:2: 1825 daAuts
   Zot:3: 1803 daAuts
